 Dungeon Crawl Stone Soup version 0.28-a0-983-g1de4e0787c (webtiles) character file.

Game seed: 11417966145761937203

11646 lunkers the Brawler (level 11, -19/115 HPs)
             Began as a Troll Cinder Acolyte on Nov 30, 2021.
             Was a High Priest of Ignis.
             Demolished by a skeletal warrior (26 damage)
             ... on level 11 of the Dungeon on Dec 2, 2021.
             The game lasted 00:24:22 (9146 turns).

lunkers the Brawler (Troll Cinder Acolyte)          Turns: 9146, Time: 00:24:23

Health: -19/115    AC:  9    Str: 24    XL:     11   Next: 52%
Magic:  20/20      EV:  8    Int: 10    God:    Ignis [*****.]
Gold:   545        SH:  0    Dex:  9    Spells: 10/12 levels left

rFire   + . .      SeeInvis .     - Unarmed
rCold   . . .      Faith    .   (no shield)
rNeg    . . .      Spirit   .   C - +0 acid dragon scales
rPois   +          Reflect  .   (helmet restricted)
rElec   .          Harm     .   D - +0 cloak
rCorr   +          Rampage  .   (gloves unavailable)
Will    .....                   (boots unavailable)
Stlth   +.........              d - amulet of magic regeneration
HPRegen 1.09/turn               h - ring of wizardry
MPRegen 0.57/turn               o - ring of Xom's Malicious Joy {rPois MP+9}

@: no status effects
A: large, unfitting armour, claws 3, regeneration 1, shaggy fur 1, tough skin 1
a: Renounce Religion, Fiery Armour, Foxfire Swarm, Rising Flame


You were on level 11 of the Dungeon.
You worshipped Ignis.
Ignis was extremely pleased with you.
You visited 1 branch of the dungeon, and saw 11 of its levels.
You also visited: Sewer.

You collected 545 gold pieces.

Inventory:

Missiles
 e - 5 curare-tipped darts
 j - 5 javelins
 k - 7 throwing nets
 p - 8 boomerangs
 q - 278 stones
 r - 91 poisoned darts (quivered)
Armour
 A - a +1 robe of positive energy
 C - +0 acid dragon scales (worn)
 D - a +0 cloak (worn)
Jewellery
 a - a ring of ice
 d - an amulet of magic regeneration (around neck)
 h - a ring of wizardry (left claw)
 o - the ring of Xom's Malicious Joy (right claw) {rPois MP+9}
   (You found it on level 4 of the Dungeon)

   [ring of magical power]

   rPois:     It protects you from poison.
   MP:        It affects your magic capacity (+9).
 E - a +4 ring of evasion
Wands
 n - a wand of flame (4)
Scrolls
 b - 2 scrolls of fog
 i - 3 scrolls of teleportation
 m - a scroll of enchant armour
 y - 4 scrolls of enchant weapon
 z - a scroll of silence
 B - a scroll of identify
 F - a scroll of amnesia
Potions
 c - 7 potions of curing
 f - 2 potions of heal wounds
 g - 3 potions of might
 l - 5 potions of flight
 s - a potion of attraction
 t - 4 potions of haste
 u - 2 potions of brilliance
 v - a potion of mutation
 w - a potion of invisibility {unknown}


   Skills:
 + Level 9.4 Fighting
 * Level 15.2 Unarmed Combat
 - Level 1.0 Spellcasting
 - Level 2.1 Fire Magic


You had 10 spell levels left.
You knew the following spells:

 Your Spells              Type           Power      Damage    Failure   Level
p - Scorch                Fire           8%         2d5       11%         2

Your spell library contained the following spells:

 Spells                   Type           Power      Damage    Failure   Level
 Freeze                   Ice            0%         1d3       17%         1
 Sandblast                Erth           0%         2d4       17%         1
 Passwall                 Tmut/Erth      0%         N/A       26%         2
 Frozen Ramparts          Ice            0%         1d2       45%         3
 Gell's Gravitas          Tloc           0%         N/A       45%         3
 Lesser Beckoning         Tloc           0%         N/A       45%         3
 Stone Arrow              Conj/Erth      0%         3d7       45%         3
 Teleport Other           Tloc           0%         N/A       45%         3
 Hailstorm                Conj/Ice       0%         3d3       83%         4


Dungeon Overview and Level Annotations

Branches:
Dungeon (11/15)            Temple (0/1) D:4            Lair (0/6) D:8
  Sewer (visited)
    Orc: D:9-12

Altars:
Ashenzari
Elyvilon
Fedhas
Hepliaklqana
Kikubaaqudgha
Ru
Uskayaw
Vehumet
Wu Jian
Zin

Shops:
D:5 :   D:6 :   D:9 (   D:10 *


Innate Abilities, Weirdness & Mutations

You are too large for most types of armour.
You have claws for hands.
Your natural rate of healing is unusually fast.
You are covered in fur. (AC +1)
You have tough skin. (AC +1)


Message History

You scratch the skeletal warrior but do no damage.
The skeletal warrior is lightly damaged.
The skeletal warrior closely misses you.
You scratch the skeletal warrior but do no damage.
The skeletal warrior is lightly damaged.
The skeletal warrior hits you with a +0 dire flail.
You claw the skeletal warrior!
The skeletal warrior is moderately damaged.
You mangle the skeletal warrior!!
The skeletal warrior is severely damaged.
The skeletal warrior hits you with a +0 dire flail!
You scratch the skeletal warrior.
The skeletal warrior is severely damaged.
The skeletal warrior hits you with a +0 dire flail!!
* * * LOW HITPOINT WARNING * * *
You barely miss the skeletal warrior.
The skeletal warrior is severely damaged.
The skeletal warrior hits you with a +0 dire flail!
* * * LOW HITPOINT WARNING * * *
You scratch the skeletal warrior but do no damage.
The skeletal warrior is severely damaged.
You scratch the skeletal warrior but do no damage.
The skeletal warrior is severely damaged.
The skeletal warrior hits you with a +0 dire flail!
* * * LOW HITPOINT WARNING * * *
You barely miss the skeletal warrior.
The skeletal warrior is severely damaged.
The skeletal warrior hits you with a +0 dire flail!!
* * * LOW HITPOINT WARNING * * *
You barely miss the skeletal warrior.
The skeletal warrior is severely damaged.
You scratch the skeletal warrior.
The skeletal warrior is severely damaged.
The skeletal warrior hits you with a +0 dire flail!
* * * LOW HITPOINT WARNING * * *
You scratch the skeletal warrior but do no damage.
Your claw misses the skeletal warrior.
The skeletal warrior is severely damaged.
The skeletal warrior hits you with a +0 dire flail!!
You die...

#.# ##..###)########.#####
#.# #........#######......
#.#.#
#.....................
#.#.#
###........########.####
#.#.#
#..........[......#.#
#.#.#
#.##.......######)#.# #
#.#.# #.z##.......# #.# #
#.#.### #.###.......# #.#
## #.....##...#####@####
#.#.# #. .....##.....##
#z# #..#.###.
##.###)..z...# #.#
#.##..... #.# #..[#...#
#.# #.######> #.#
#.......# #.# #.# #. #.#
#.....# #)# #^# #. #.#
#...#####.########.######.
#.#
#.##......).....(........
#.#
#....###..........#######


You could see a skeletal warrior.

Vanquished Creatures
  Snorg (D:10)
  Harold (D:7)
  4 two-headed ogres
  Sonja (D:11)
  A deep elf pyromancer (D:9)
  A manticore (D:11)
  Psyche (D:9)
  A kobold demonologist (D:11)
  A yaktaur (D:11)
  2 trolls (D:10)
  A hornet (D:10)
  Prince Ribbit (D:7)
  A centaur simulacrum (D:11)
  A shadow (D:11)
  4 yaks (D:8)
  A wraith (D:11)
  A wyvern (D:9)
  2 steam dragons (D:8)
  3 vampire mosquitoes (D:9)
  An acid dragon (D:10)
  A water moccasin (D:8)
  An orc warrior (D:9)
  A sky beast (D:6)
  An ice beast (D:7)
  A black bear (D:4)
  2 necrophages (D:7)
  2 ogres
  2 phantoms
  2 kobold brigands
  2 bullfrogs
  Blork the orc (D:4)
  A wyvern zombie (D:7)
  3 scorpions
  2 water moccasin skeletons
  7 killer bees
  3 wights (D:8)
  2 jellies
  A lava snake (D:7)
  2 centaur zombies
  4 orc priests
  2 bullfrog skeletons (D:5)
  A gnoll shaman (D:7)
  Ijyb (D:3)
  2 iguanas
  4 orc wizards
  3 howler monkey zombies
  A howler monkey skeleton (D:7)
  12 gnolls
  4 adders
  2 river rats (Sewer)
  An ufetubus (D:6)
  3 worms
  4 dart slugs
  17 orcs
  3 bats
  7 endoplasms
  2 giant cockroaches
  A goblin (D:3)
  6 hobgoblins
  5 jackals
  6 quokkas
  7 ball pythons
  3 frilled lizards
  A jackal skeleton (D:4)
  10 kobolds
  17 rats
196 creatures vanquished.

Vanquished Creatures (others)
  6 plants (D:4)
6 creatures vanquished.

Grand Total: 202 creatures vanquished

Notes
Turn   | Place    | Note
-------+----------+-------------------------------------------
     0 | D:1      | lunkers the Troll Cinder Acolyte began the quest for the
                  | Orb.
     0 | D:1      | Reached XP level 1. HP: 22/22 MP: 1/1
   153 | D:1      | Reached XP level 2. HP: 29/29 MP: 2/2
   703 | D:1      | Learned a level 2 spell: Scorch
   939 | D:2      | Reached XP level 3. HP: 33/36 MP: 3/3
   982 | D:2      | Reached skill level 4 in Unarmed Combat
  1289 | D:2      | Reached XP level 4. HP: 45/45 MP: 4/4
  1802 | D:3      | Reached skill level 5 in Unarmed Combat
  1814 | D:3      | Upgraded the game from 0.28-a0-957-g42eb19b844 to
                  | 0.28-a0-973-ga7f8b01127
  1823 | D:3      | Reached XP level 5. HP: 53/53 MP: 5/5
  1957 | D:3      | Noticed Ijyb
  1975 | D:3      | Killed Ijyb
  2263 | D:4      | Identified the ring of Xom's Malicious Joy {rPois MP+9}
  2272 | D:4      | Noticed a black bear
  2281 | D:4      | Killed a black bear
  2282 | D:4      | Reached XP level 6. HP: 55/62 MP: 6/6
  2312 | D:4      | Reached skill level 6 in Unarmed Combat
  2337 | D:4      | You fall into a shaft and drop 1 floor!
  2337 | D:5      | Entered Level 5 of the Dungeon
  2477 | D:5      | Reached XP level 7. HP: 55/70 MP: 7/7
  2547 | D:5      | Found a hazy altar of Hepliaklqana.
  2557 | D:5      | Reached skill level 7 in Unarmed Combat
  2587 | D:5      | Found Wibbuebotu's Self-Improvement Boutique.
  2677 | D:5      | Found a glowing drain.
  2682 | Sewer    | Entered a sewer
  2826 | Sewer    | Found a glowing silver altar of Zin.
  3040 | D:5      | Found a white marble altar of Elyvilon.
  3192 | D:4      | Found an ornate altar of the Wu Jian Council.
  3236 | D:4      | Upgraded the game from 0.28-a0-973-ga7f8b01127 to
                  | 0.28-a0-983-g1de4e0787c
  3279 | D:4      | Found a broken altar of Ashenzari.
  3289 | D:4      | Found a blossoming altar of Fedhas.
  3289 | D:4      | Noticed Blork the orc
  3297 | D:4      | Killed Blork the orc
  3349 | D:4      | Found a staircase to the Ecumenical Temple.
  3364 | D:4      | Found a hide-covered altar of Uskayaw.
  4137 | D:6      | Found Pigyatint's Book Boutique.
  4202 | D:6      | Reached skill level 8 in Unarmed Combat
  4355 | D:6      | Reached skill level 5 in Fighting
  4355 | D:6      | Reached XP level 8. HP: 46/80 MP: 8/8
  4789 | D:6      | Found a glowing silver altar of Zin.
  5084 | D:6      | HP: 3/81 [gnoll (9)]
  5199 | D:7      | Reached skill level 9 in Unarmed Combat
  5567 | D:7      | Noticed Harold
  5582 | D:7      | Killed Harold
  5583 | D:7      | Reached skill level 10 in Unarmed Combat
  5583 | D:7      | Reached XP level 9. HP: 59/91 MP: 9/9
  5668 | D:7      | Noticed Prince Ribbit
  5679 | D:7      | Killed Prince Ribbit
  5686 | D:7      | Reached skill level 11 in Unarmed Combat
  6545 | D:8      | Reached skill level 12 in Unarmed Combat
  6683 | D:8      | Reached XP level 10. HP: 96/102 MP: 10/10
  6705 | D:8      | Found a staircase to the Lair.
  7007 | D:9      | Noticed a two-headed ogre
  7173 | D:9      | Killed a two-headed ogre
  7251 | D:9      | Noticed a deep elf pyromancer
  7259 | D:9      | Killed a deep elf pyromancer
  7260 | D:9      | Reached skill level 13 in Unarmed Combat
  7327 | D:9      | Found Zobros's Weapon Shoppe.
  7463 | D:9      | Noticed Psyche
  7469 | D:9      | Killed Psyche
  7736 | D:10     | Entered Level 10 of the Dungeon
  7886 | D:10     | Found a radiant altar of Vehumet.
  7954 | D:10     | Noticed a two-headed ogre
  7960 | D:10     | Killed a two-headed ogre
  8030 | D:10     | Reached skill level 14 in Unarmed Combat
  8032 | D:10     | Found Liaxzoff's CLEARANCE SALE!.
  8177 | D:10     | Noticed a two-headed ogre
  8182 | D:10     | Killed a two-headed ogre
  8183 | D:10     | Reached XP level 11. HP: 71/113 MP: 11/11
  8313 | D:10     | Found an ancient bone altar of Kikubaaqudgha.
  8325 | D:10     | Noticed Snorg
  8330 | D:10     | Killed Snorg
  8400 | D:10     | Found a sacrificial altar of Ru.
  8538 | D:10     | Noticed a two-headed ogre
  8544 | D:10     | Killed a two-headed ogre
  8775 | D:11     | Noticed a seven-headed hydra
  8913 | D:11     | Noticed a wizard
  8913 | D:11     | Noticed a skeletal warrior
  9064 | D:11     | Noticed Sonja
  9071 | D:11     | Reached skill level 15 in Unarmed Combat
  9086 | D:11     | Killed Sonja
  9146 | D:11     | Demolished by a skeletal warrior

Illustrated notes

Levels and vault maps discovered:
D:1:      dpeg_arrival_ratfight, layout_basic, st_stairs_6, roderic_lattice_a
D:2:      layout_basic, grunt_decor_one_mirror
D:3:      layout_rooms, uniq_ijyb
D:4:      layout_gridville, mainiacjoe_overflow_tiny_flanked,
          nzn_wu_jian_council_hall, fedhas_altar_3, lemuel_crystal_altar,
          minmay_temple_entry_water_ring, serial_bayou_lake_a,
          uniq_blork_the_orc
D:5:      layout_cave_pools, nicolae_hepliaklqana_hazy_memory, elyvilon_altar_4,
          gup_sewer_entry_bowl, nicolae_shop_self_help
D:6:      layout_basic, zin_statuary, serial_shops, shop, minivault_5
D:7:      layout_basic, chequers_arboretum, kennysheep_cross_room,
          uniq_prince_ribbit1, uniq_harold
D:8:      layout_basic, lair_entry_dummy
D:9:      layout_basic, serial_shops, kennysheep_mini_moat, serial_bayou_pond_e,
          uniq_psyche
D:10:     layout_roguey, nicolae_overflow_crystal_walls, general_overflow_altar,
          nicolae_vehumet_radiance, minivault_4, minivault_27,
          nicolae_shop_clearance, uniq_snorg
D:11:     minmay_bloctagon_deflated, layout_loops_ring,
          kennysheep_orc_monster_closet_entryway, uniq_sonja

Skill      XL: |  1  2  3  4  5  6  7  8  9 10 11 |
---------------+----------------------------------+-----
Unarmed Combat | 4 5 6 8 10 12 14 15 | 15.2
Fighting       | 3 4 5 6 7 8 9 |  9.4
Spellcasting   | |  1.0
Fire Magic     | |  2.1

Action                   |  1- 3 |  4- 6 |  7- 9 | 10-12 || total
-------------------------+-------+-------+-------+-------++-------
Melee: Unarmed           |    88 |   123 |   242 |   145 ||   598
       Punch             |     1 |     5 |    12 |     7 ||    25
Throw: Dart              |       |       |    38 |    32 ||    70
       Javelin           |       |       |       |     2 ||     2
       Boomerang         |       |       |       |     2 ||     2
 Cast: Scorch            |     2 |       |       |       ||     2
Evoke: Wand              |       |     1 |       |    12 ||    13
  Use: Scroll            |       |     6 |    11 |     3 ||    20
       Potion            |       |       |     2 |       ||     2
 Stab: Sleeping          |       |       |     1 |       ||     1
Armor: Robe              |    24 |    32 |    45 |    13 ||   114
       Acid dragon scale |       |       |       |    23 ||    23
Dodge: Dodged            |    40 |    42 |    98 |    66 ||   246

Table legend: (Time is in decaauts)
 A = Elapsed time spent in this place.
 B = Non-inter-level travel time spent in this place.
 C = Inter-level travel time spent in this place.
 D = Time resting spent in this place.
 E = Time spent auto-exploring this place.
 F = Levels seen in this place.
 G = Mean time per level.
                   A        B        C        D        E       F      G
               +--------+--------+--------+--------+--------+-----+--------+
         Total |   9166 |   8734 |    432 |    101 |   6854 |  12 |  763.8 |
       Dungeon |   8853 |   8421 |    432 |    101 |   6704 |  11 |  804.8 |
         Sewer |    313 |    313 |      0 |      0 |    150 |   1 |  313.0 |
               +--------+--------+--------+--------+--------+-----+--------+

Top non-repeatable levels by time:
     D:6: 1102 daAuts
     D:8: 956 daAuts
     D:7: 901 daAuts
    D:10: 851 daAuts
     D:1: 839 daAuts
     D:2: 835 daAuts
     D:3: 779 daAuts
     D:4: 743 daAuts
     D:9: 723 daAuts
     D:5: 581 daAuts
    D:11: 540 daAuts
   Sewer: 313 daAuts
